 Dungeon Crawl Stone Soup version 0.30-a0-29-g142975f185 (webtiles) character file.

Game seed: 10081551623040616376

2046 hquester1 the Covered (level 9, -1/78 HPs)
             Began as a Minotaur Fighter on Aug 26, 2022.
             Was a Priest of Okawaru.
             Killed by divine providence
             ... invoked by an orc priest
              (14 damage)
             ... on level 8 of the Dungeon.
             The game lasted 00:14:22 (4931 turns).

hquester1 the Covered (Minotaur Fighter)            Turns: 4931, Time: 00:14:22

Health: -1/78      AC: 15    Str: 22    XL:     9   Next: 4%
Magic:  8/8        EV:  8    Int:  5    God:    Okawaru [***...]
Gold:   279        SH:  5    Dex: 13    Spells: 8/8 levels left

rFire   . . .      SeeInvis .    H - +2 war axe (elec)
rCold   . . .      Faith    .    c - +0 buckler
rNeg    . . .      Spirit   .    t - +0 plate armour
rPois   .          Reflect  .    (helmet restricted)
rElec   .          Harm     .    (no cloak)
rCorr   .          Rampage  .    x - +0 pair of gloves
Will    .....                    s - +0 pair of boots
Stlth   ..........               (no amulet)
HPRegen 0.23/turn                m - ring of flight
MPRegen 0.11/turn                b - +4 ring of slaying

@: flying
A: horns 2, retaliatory headbutt
a: Renounce Religion, Heroism


You were on level 8 of the Dungeon.
You worshipped Okawaru.
Okawaru was most pleased with you.
You visited 2 branches of the dungeon, and saw 9 of its levels.

You collected 279 gold pieces.

Inventory:

Hand Weapons
 a - a +0 war axe of protection
 g - a +0 mace
 F - a +1 war axe of flaming
 H - a +2 war axe of electrocution (weapon)
Armour
 c - a +0 buckler (worn)
 s - a +0 pair of boots (worn)
 t - a +0 plate armour (worn)
 x - a +0 pair of gloves (worn)
Jewellery
 b - a +4 ring of slaying (right hand)
 m - a ring of flight (left hand)
 q - a +6 ring of intelligence
 A - a +6 ring of strength
 E - a ring of protection from fire
Wands
 y - a wand of polymorph (17)
Scrolls
 e - 2 scrolls of noise {unknown}
 f - a scroll of fog
 h - a scroll of blinking {unknown}
 i - 2 scrolls of brand weapon
 j - 2 scrolls of immolation {unknown}
 k - 2 scrolls of vulnerability
 n - 5 scrolls of teleportation {unknown}
 p - 3 scrolls of fear {unknown}
 r - a scroll of poison {unknown}
 w - 3 scrolls of enchant armour {unknown}
 B - a scroll of enchant weapon {unknown}
 G - a scroll of amnesia {unknown}
Potions
 d - 2 potions of might
 l - 2 potions of curing
 o - 2 potions of heal wounds
 u - a potion of magic {unknown}
 v - 2 potions of mutation
 z - a potion of flight {unknown}
 C - a potion of brilliance {unknown}
 D - a potion of resistance {unknown}


   Skills:
 + Level 6.8 Fighting
 + Level 6.1 Axes
 + Level 6.9 Armour
 + Level 4.9 Dodging
 + Level 4.2 Stealth
 + Level 6.8 Shields


You had 8 spell levels left.
You didn't know any spells.
Your spell library contained the following spells:

 Spells                   Type           Power      Damage    Failure   Level
 Sting                    Tmut/Pois      0%         1d3       100%        1
 Poisonous Vapours        Pois/Air       0%         N/A       100%        2
 Sublimation of Blood     Necr           0%         N/A       100%        2
 Gell's Gravitas          Tloc           0%         N/A       100%        3
 Stone Arrow              Conj/Erth      0%         3d7       100%        3
 Teleport Other           Tloc           0%         N/A       100%        3
 Olgreb's Toxic Radiance  Pois           0%         N/A       100%        4
 Petrify                  Tmut/Erth      0%         N/A       100%        4
 Irradiate                Conj/Tmut      0%         3d11      100%        5
 Dispersal                Tloc           0%         N/A       100%        6
 Lehudib's Crystal Spear  Conj/Erth      0%         10d2      100%        8
 Animate Armour           Summ/Erth      Unusable   N/A       N/A         4

Dungeon Overview and Level Annotations

Branches:
Dungeon (9/15)             Temple (1/1) D:4
   Lair: D:8-11         Orc: D:9-12

Altars:
Ashenzari
Cheibriados
Dithmenos
Elyvilon
Fedhas
Gozag
Hepliaklqana
Kikubaaqudgha
Nemelex Xobeh
Okawaru
Qazlal
Sif Muna
Trog
Uskayaw
Vehumet
Wu Jian
Xom
Yredelemnul
Zin
The Shining One

Shops:
D:3 [

Annotations:
D:6 5 runed translucent doors


Innate Abilities, Weirdness & Mutations

You have a pair of horns on your head.
You reflexively headbutt those who attack you in melee.


Message History

The yak is heavily wounded.
You block the yak's attack.
You slash the yak!
The yak is severely wounded.
The yak gores you! x2
You slash the yak! Lightning courses through the yak!
You kill the yak!
Okawaru is honoured by your kill.
The orc wizard casts a spell.
The orc wizard flickers and vanishes!
Deactivating autopickup; reactivate with Ctrl-A.
You have reached level 9!
Your experience leads to an increase in your attributes!
Increase (S)trength, (I)ntelligence, or (D)exterity?
You feel agile. x2
Unknown command.
You slash the yak!
The yak is moderately wounded.
You block the yak's attack.
You slash the yak!
The yak is heavily wounded.
The orc priest casts a cantrip, but nothing happens.
The yak closely misses you.
You barely miss the yak.
The yak is heavily wounded.
The yak completely misses you. You furiously retaliate!
You headbutt the yak. The yak gores you but does no damage.
You hit the yak.
The yak is severely wounded.
The yak gores you!
You hit the yak.
The yak is severely wounded.
The yak gores you!
* * * LOW HITPOINT WARNING * * *
You slice the yak!!
You kill the yak!
Okawaru accepts your kill.
The orc priest mumbles some strange prayers to Beogh against you.
Beogh smites you!
You die...

......#..##..
............
##........#
..........#
#....>o.#
#....oY#######
###.##{Y.....#
... #†####....
##. #@# #
#.........#
......#.#.#...#
##.#..#..## ..
..... #.. #.##
#### #. #


You could see 2 yaks, an orc priest and an orc.

Vanquished Creatures
  A troll (D:6)
  Prince Ribbit (D:5)
  Sigmund (D:5)
  2 yaks (D:8)
  3 water moccasins
  An orc warrior (D:9)
  2 ogres (D:4)
  A bullfrog (D:6)
  4 scorpions
  An orc priest (D:4)
  4 hounds
  An iguana (D:5)
  6 orc wizards
  5 adders
  A shadow imp (D:5)
  An ufetubus (D:5)
  3 dart slugs
  17 orcs
  12 ball pythons
  5 bats
  5 endoplasms
  2 goblins (D:1)
  8 hobgoblins
  11 jackals
  3 kobolds
  A quokka (D:2)
  12 frilled lizards (D:1)
  A rat (D:2)
115 creatures vanquished.

Notes
Turn   | Place    | Note
-------+----------+-------------------------------------------
     0 | D:1      | hquester1 the Minotaur Fighter began the quest for the Orb.
     0 | D:1      | Reached XP level 1. HP: 19/19 MP: 0/0
   242 | D:1      | Reached XP level 2. HP: 27/27 MP: 1/1
   564 | D:1      | Found a faded altar of an unknown god.
   571 | D:1      | Reached XP level 3. HP: 28/33 MP: 2/2
  1062 | D:2      | Reached skill level 1 in Stealth
  1063 | D:2      | Reached skill level 1 in Dodging
  1386 | D:3      | Reached XP level 4. HP: 27/40 MP: 3/3
  1664 | D:3      | Found Ahoguthe's Antique Armour Shoppe.
  1936 | D:3      | Found a bloodstained altar of Trog.
  1937 | D:3      | Found a glowing silver altar of Zin.
  2039 | D:4      | Reached XP level 5. HP: 30/46 MP: 4/4
  2197 | D:4      | Found a staircase to the Ecumenical Temple.
  2207 | Temple   | Entered the Ecumenical Temple
  2216 | Temple   | Became a worshipper of Warmaster Okawaru
  2261 | D:4      | Noticed an ogre
  2267 | D:4      | Killed an ogre
  2268 | D:4      | Reached XP level 6. HP: 53/53 MP: 5/5
  2780 | D:4      | Reached skill level 5 in Armour
  3076 | D:5      | Entered Level 5 of the Dungeon
  3076 | D:5      | Noticed Prince Ribbit
  3076 | D:5      | Noticed a water moccasin
  3076 | D:5      | Noticed a water moccasin
  3086 | D:5      | Killed a water moccasin
  3087 | D:5      | Reached skill level 5 in Fighting
  3087 | D:5      | Reached skill level 5 in Shields
  3087 | D:5      | Reached XP level 7. HP: 22/61 MP: 6/6
  3089 | D:5      | Reached * piety under Okawaru
  3100 | D:5      | Killed Prince Ribbit
  3420 | D:5      | Reached skill level 5 in Axes
  3427 | D:5      | Noticed Sigmund
  3461 | D:5      | Killed Sigmund
  3461 | D:5      | Reached ** piety under Okawaru
  3462 | D:5      | Reached XP level 8. HP: 70/70 MP: 7/7
  3939 | D:6      | Found a runed translucent door.
  3940 | D:6      | Found a runed translucent gate.
  3940 | D:6      | Found a runed translucent gate.
  3952 | D:6      | Found the +9 staff of Olgreb {rPois∞}
  4076 | D:6      | Found a runed translucent gate.
  4078 | D:6      | Found a runed translucent door.
  4119 | D:6      | Found a stormy altar of Qazlal.
  4161 | D:6      | Noticed a troll
  4171 | D:6      | Killed a troll
  4882 | D:6      | You are sucked into a shaft and drop 3 floors!
  4901 | D:9      | Reached *** piety under Okawaru
  4926 | D:8      | Reached XP level 9. HP: 36/78 MP: 8/8
  4931 | D:8      | Killed from afar by an orc priest

Illustrated notes

Levels and vault maps discovered:
D:1:      ebering_trefoil_twist, layout_loops_corners,
          hellmonk_ecumenical_altar_leap_of_faith, minmay_lizard_pond
D:2:      layout_rooms
D:3:      layout_basic, gammafunk_temple_overflow_pools, serial_shops, shop
D:4:      layout_cave_pods, minmay_temple_entry_grid
D:5:      kennysheep_spiral_hall, layout_rooms, uniq_prince_ribbit1,
          uniq_sigmund
D:6:      layout_loops_ring, mainiacjoe_overflow_brackets,
          minmay_guarded_unrand_staff_of_olgreb
D:8:      layout_loops_cross, special_room [special_room_orc]
D:9:      layout_loops_corners
Temple:   sentei_temple_godly_chess

Skill      XL: |  1  2  3  4  5  6  7  8 |
---------------+-------------------------+-----
Armour         | 4 5 6 |  6.9
Stealth        | 1 2 3 4 |  4.2
Axes           | 3 4 5 6 |  6.1
Dodging        | 1 2 3 4 |  4.9
Fighting       | 4 5 6 |  6.8
Shields        | 4 5 6 |  6.8

Action                   |  1- 3 |  4- 6 |  7- 9 || total
-------------------------+-------+-------+-------++-------
Melee: War axe           |    92 |    71 |   115 ||   278
       Headbutt          |    12 |    10 |    17 ||    39
  Use: Scroll            |       |     7 |       ||     7
       Potion            |       |     1 |       ||     1
Armor: Scale mail        |    39 |     4 |       ||    43
       Plate armour      |       |    49 |   106 ||   155
Dodge: Dodged            |    55 |    21 |    37 ||   113
Block: Buckler           |    16 |    25 |    24 ||    65

Table legend: (Time is in decaauts)
 A = Elapsed time spent in this place.
 B = Non-inter-level travel time spent in this place.
 C = Inter-level travel time spent in this place.
 D = Time resting spent in this place.
 E = Time spent auto-exploring this place.
 F = Levels seen in this place.
 G = Mean time per level.
                   A        B        C        D        E       F      G
               +--------+--------+--------+--------+--------+-----+--------+
         Total |   5019 |   4881 |    138 |    673 |   2887 |   9 |  557.7 |
       Dungeon |   4999 |   4861 |    138 |    673 |   2887 |   8 |  624.9 |
        Temple |     20 |     20 |      0 |      0 |      0 |   1 |   20.0 |
               +--------+--------+--------+--------+--------+-----+--------+

Top non-repeatable levels by time:
     D:4: 1048 daAuts
     D:6: 986 daAuts
     D:1: 976 daAuts
     D:5: 844 daAuts
     D:3: 656 daAuts
     D:2: 432 daAuts
     D:9: 29 daAuts
     D:8: 24 daAuts
  Temple: 20 daAuts
